[Event "*** Titled Tuesday Blitz"]
[Site "Chess.com"]
[Date "2021.04.06"]
[Round "3"]
[White "lacafi"]
[Black "Keures"]
[Result "1-0"]
[WhiteElo "2209"]
[BlackElo "2349"]
[TimeControl "180+1"]
[EndTime "10:27:17 PDT"]
[Termination "lacafi won by checkmate"]

1. d4 Nf6 2. Nf3 e6 3. e3 b6 4. Bd3 Bb7 5. Nbd2 Be7 6. Qe2 d5 7. O-O O-O 8. e4 dxe4 9. Nxe4 Nbd7 10. Neg5 h6 11. Nxe6 fxe6 12. Qxe6+ Kh8 13. Nh4 Be4 14. Bxe4 Nxe4 15. Ng6+ Kh7 16. Nxf8+ Nxf8 17. Qxe4+ Kh8 18. Bf4 Rc8 19. Rfe1 Bf6 20. Be5 Nd7 21. Bxf6 Nxf6 22. Qe6 Rb8 23. Rad1 Rb7 24. Qf7 Qg8 25. Qxg8+ Kxg8 26. c4 c6 27. Re6 Rc7 28. Rde1 Kf7 29. b4 a5 30. bxa5 bxa5 31. g3 Rd7 32. Rxc6 Rxd4 33.
c5 Rd2 34. Rc7+ Kg6 35. c6 Ng4 36. Ree7 Nxf2 37. Rxg7+ Kh5 38. Rcf7 Ng4 39. Rf5# 1-0

[Event "*** Titled Tuesday Blitz"]
[Site "Chess.com"]
[Date "2021.04.06"]
[Round "3"]
[White "Ze-Pequeno"]
[Black "Chigorinetz"]
[Result "0-1"]
[WhiteElo "2244"]
[BlackElo "2513"]
[TimeControl "180+1"]
[EndTime "10:27:18 PDT"]
[Termination "Chigorinetz won on time"]

1. e4 c5 2. Nf3 Nc6 3. d4 cxd4 4.
Nxd4 g6 5. c4 Bg7 6. Be3 Nf6 7.
Nc3 Ng4 8. Qxg4 Nxd4 9. Qd1 Ne6 10. Rc1 Qa5 11. Bd3 b6 12. O-O Bb7 13. f4 Bxc3 14. Rxc3 Qxa2 15. b4 Qb2 16. Rb3 Qg7 17. Rf2 O-O 18.
f5 Nd8 19. f6 exf6 20. Bd4 Re8 21. Bxf6 Qf8 22. Qg4 a5 23. e5 axb4 24. Bf1 Ra3 25. Rfb2 Nc6 26. Qg5 Nxe5 27. Bxe5 Qc5+ 28. Rf2 Qxe5 0-1

[Event "*** Titled Tuesday Blitz"]
[Site "Chess.com"]
[Date "2021.04.06"]
[Round "3"]
[White "Izoria123"]
[Black "CrushingKings"]
[Result "1-0"]
[WhiteElo "2800"]
[BlackElo "2465"]
[TimeControl "180+1"]
[EndTime "10:27:19 PDT"]
[Termination "Izoria123 won by checkmate"]

1. Nf3 Nf6 2. c4 g6 3. Nc3 Bg7 4. e4 d6 5. d4 O-O 6. Be2 e5 7. O-O Nc6 8. d5 Ne7 9. Kh1 Ne8 10. b4 h6 11. c5 f5 12. Nd2 Nf6 13. a4 fxe4 14. Ndxe4 Nf5 15. Bd3 Nd4 16. Nxf6+ Qxf6 17. Ne4 Qh4 18. Be3 Bf5 19. f3 Rad8 20. cxd6 cxd6 21.
Rc1 Rf7 22. b5 Qe7 23. Rc4 g5 24. Ng3 Rdf8 25. Nxf5 Nxf5 26. Bxa7 Nd4 27. Re1 Qd7 28. Bxd4 exd4 29. b6 Be5 30. Rc7 Qd8 31. Rxf7 Rxf7 32. a5 g4 33. f4 Rxf4 34. g3 Rf3 35. Be4 Rf6 36. Qxg4+ Kh8 37. Rc1 Qe7 38. Rc8+ Rf8 39. Rxf8+ Qxf8 40. Qf5 Qg7 41. a6 bxa6 42. b7 Qxb7 43.
Qf8# 1-0

[Event "*** Titled Tuesday Blitz"]
[Site "Chess.com"]
[Date "2021.04.06"]
[Round "3"]
[White "mbachez"]
[Black "Chessbard1972"]
[Result "1-0"]
[WhiteElo "2483"]
[BlackElo "2329"]
[TimeControl "180+1"]
[EndTime "10:27:19 PDT"]
[Termination "mbachez won by resignation"]

1. e4 c5 2. Nf3 a6 3. c3 d5 4.
exd5 Qxd5 5. d4 Nf6 6. Be2 Bg4 7. Be3 cxd4 8. cxd4 e6 9. Nc3 Qd6 10. O-O Nc6 11.
h3 Bh5 12. Qb3 Qb4 13. Qc2 Be7 14. a3 Qd6 15. Rfd1 O-O 16. Rac1 Rfd8 17. Na4 Bg6 18. Qd2 Ne4 19. Qe1 b5 20. Nc5 Ra7 21.
d5 exd5 22. Nxe4 Bxe4 23. Rxc6 Qxc6 24. Bxa7 Qc2 25. Bd4 f6 26. Rc1 Qb3 27. Nd2 Qa4 28. Bb6 Rb8 29. Bd1 Bc2 30. Bxc2 Qf4 31. Bc7 1-0

[Event "*** Titled Tuesday Blitz"]
[Site "Chess.com"]
[Date "2021.04.06"]
[Round "3"]
[White "dmjjmd"]
[Black "grunbergmihai"]
[Result "0-1"]
[WhiteElo "2233"]
[BlackElo "2468"]
[TimeControl "180+1"]
[EndTime "10:27:21 PDT"]
[Termination "grunbergmihai won by resignation"]

1. e4 g6 2. d4 Bg7 3. h4 h5 4. c4 c5 5. d5 d6 6. Nc3 a6 7.
a4 Nf6 8. Be2 O-O 9. Bg5 e6 10.
Nf3 exd5 11. cxd5 Re8 12. O-O Bg4 13. Nd2 Bxe2 14. Qxe2 Nbd7 15. Rfe1 Qc7 16. Nc4 Rab8 17.
a5 Ng4 18. Bf4 Nge5 19. Nxe5 Nxe5 20. f3 c4 21. Bxe5 Bxe5 22. Qf2 b5 23. axb6 Qxb6 24. Qxb6 Rxb6 25. Na4 Rb3 26. Re2 Rc8 27. Rc2 Bg3 28. Rac1 Rb4 29. Nc3 Bxh4 30. f4 Bf6 31.
Re1 Rxb2 32. Rxb2 Bxc3 33. Reb1 Bxb2 34. Rxb2 c3 35. Rc2 Rc4 36. g3 h4 37. Kf2 h3 38.
Ke3 h2 0-1

[Event "*** Titled Tuesday Blitz"]
[Site "Chess.com"]
[Date "2021.04.06"]
[Round "3"]
[White "attack2mateU"]
[Black "Blitzking642"]
[Result "0-1"]
[WhiteElo "2693"]
[BlackElo "2459"]
[TimeControl "180+1"]
[EndTime "10:27:22 PDT"]
[Termination "Blitzking642 won by resignation"]

1. e4 c5 2. Nf3 Nc6 3. Bb5 g6 4.
O-O Bg7 5. c3 Nf6 6. Re1 O-O 7.
d4 d5 8. e5 Ne4 9. Bxc6 bxc6 10. Be3 Rb8 11. b3 Bf5 12. Nh4 e6 13. Nxf5 exf5 14.
f3 Ng5 15. Bxg5 Qxg5 16. dxc5 Rfe8 17. Qd2 Qxd2 18. Nxd2 Bxe5 19. Rac1 Bf4 20. Rxe8+ Rxe8 21. Rd1 Re2 22. Nf1 Rxa2 23. g3 Be5 24. c4 dxc4 25. bxc4 a5 26. Rd8+ Kg7 27. Rc8 Bd4+ 28. Kh1 Rf2 29. Kg1 Rxf3+ 30. Kg2 Rf2+ 31. Kg1 a4 0-1

[Event "*** Titled Tuesday Blitz"]
[Site "Chess.com"]
[Date "2021.04.06"]
[Round "3"]
[White "Yaryi_sergey"]
[Black "Pantata007"]
[Result "1-0"]
[WhiteElo "2530"]
[BlackElo "2252"]
[TimeControl "180+1"]
[EndTime "10:27:22 PDT"]
[Termination "Yaryi_sergey won on time"]

1. Nf3 d5 2. g3 Nf6 3. Bg2 c6 4. c4 Bf5 5. cxd5 cxd5 6. O-O Nc6 7. a3 e5 8. d4 e4 9. Ne5 Bd6 10. f4 exf3 11. Nxc6 bxc6 12. exf3 O-O 13. f4 Be4 14. Nc3 Bxg2 15. Kxg2 Re8 16. f5 Rb8 17. b4 a5 18. bxa5 Qxa5 19. Bd2 Qa6 20. Bg5 Rb2+ 21.
Kh3 Ne4 22. Nxe4 Rxe4 23. Re1 h6 24. Rxe4 dxe4 25. Bh4 Qb5 26. Qg4 Rf2 27. Re1 Qb2 28. Qxe4 Rxh2+ 29. Kg4 Qf2 30. Re3 1-0

[Event "*** Titled Tuesday Blitz"]
[Site "Chess.com"]
[Date "2021.04.06"]
[Round "3"]
[White "BeyondMadness"]
[Black "enriquetejedor"]
[Result "1-0"]
[WhiteElo "2270"]
[BlackElo "2584"]
[TimeControl "180+1"]
[EndTime "10:27:24 PDT"]
[Termination "BeyondMadness won by resignation"]

1. d4 e6 2. e4 d5 3. e5 c5 4. c3 Nc6 5. Nf3 f6 6. Bd3 c4 7. Bc2 Qc7 8. O-O fxe5 9. Nxe5 Nxe5 10. dxe5 Qxe5 11. Re1 Qd6 12. Qh5+ Kd8 13. Na3 Nf6 14. Bg5 Be7 15. Bxf6 gxf6 16. Nb5 Qf4 17. Rad1 Bd7 18. Nd4 e5 19. Nf5 Bc6 20. Qf7 Re8 21. Rxd5+ Bxd5 22. Qxd5+ Kc7 23. Be4 Rab8 24. Rd1 Kb6 25. Nxe7 Rbd8 26.
Qxb7+ Ka5 27. Nc6+ 1-0

[Event "*** Titled Tuesday Blitz"]
[Site "Chess.com"]
[Date "2021.04.06"]
[Round "3"]
[White "Carolina-moon"]
[Black "Zmeeed63"]
[Result "1-0"]
[WhiteElo "2122"]
[BlackElo "2318"]
[TimeControl "180+1"]
[EndTime "10:27:24 PDT"]
[Termination "Carolina-moon won by checkmate"]

1. e4 Nc6 2. Nf3 d6 3. d4 Nf6 4.
Nc3 Bg4 5. Bb5 a6 6. Bxc6+ bxc6 7. h3 Bxf3 8. Qxf3 e6 9. e5 Nd5 10. Ne4 Be7 11. a3 O-O 12. c4 Nb6 13. c5 dxc5 14.
dxc5 Nc4 15. Qf4 Qd5 16. O-O Qxe5 17. Qxe5 Nxe5 18. Bf4 Nd3 19. Bxc7 Nxb2 20. Rab1 Na4 21. Rfc1 Rfc8 22. Bd6 Bxd6 23. cxd6 Rab8 24. Rxb8 Rxb8 25. Rxc6 Kf8 26. Rxa6 Nb2 27. Nc5 Ke8 28. Ra7 Nc4 29. Re7+ Kd8 30. Rxf7 Rb1+ 31. Kh2 Rb5 32. Nxe6+ Ke8 33.
Re7# 1-0

[Event "*** Titled Tuesday Blitz"]
[Site "Chess.com"]
[Date "2021.04.06"]
[Round "3"]
[White "Supernotar"]
[Black "Sibelephant"]
[Result "1/2-1/2"]
[WhiteElo "2691"]
[BlackElo "3110"]
[TimeControl "180+1"]
[EndTime "10:27:25 PDT"]
[Termination "Game drawn by repetition"]

1. d4 d5 2. c4 e6 3. Nf3 a6 4.
e3 Nf6 5. Nbd2 b6 6. Bd3 Bb7 7.
O-O Bd6 8. Qe2 Nbd7 9. e4 dxe4 10. Nxe4 O-O 11. b3 Nxe4 12. Bxe4 Bxe4 13. Qxe4 Nf6 14. Qe2 c5 15. Bb2 cxd4 16. Nxd4 Qc7 17. g3 Rad8 18. Rad1 Bc5 19. Rd3 Qb7 20. a4 Rd7 21. Rfd1 Ne4 22. f3 Nf6 23. Kg2 h6 24. Bc3 Rfd8 25. Qe5 Ne8 26. Qe2 Qc8 27. Nc2 a5 28. Rxd7 Rxd7 29. Rxd7 Qxd7 30. Ne1 Nd6 31. Nd3 Nb7 32. Nxc5 Nxc5 33.
Qe5 f6 34. Qb8+ Kh7 35. Qxb6 Qd3 36. Qxc5 Qxc3 37. Qb5 Qd2+ 38. Kf1 Qd1+ 39. Kf2 Qd2+ 40. Kf1 Qd1+ 41. Kf2 Qd2+ 42. Kf1 1/2-1/2

[Event "*** Titled Tuesday Blitz"]
[Site "Chess.com"]
[Date "2021.04.06"]
[Round "3"]
[White "evgchess5"]
[Black "bazar-wokzal"]
[Result "1-0"]
[WhiteElo "2927"]
[BlackElo "2572"]
[TimeControl "180+1"]
[EndTime "10:27:26 PDT"]
[Termination "evgchess5 won by resignation"]

1. e4 Nc6 2. d4 d5 3. e5 h5 4. c3 Bg4 5. Be2 Qd7 6. h3 Bxe2 7.
Nxe2 O-O-O 8. O-O f6 9. f4 g5 10. exf6 exf6 11. fxg5 fxg5 12. Bxg5 Be7 13. Bxe7 Ngxe7 14. Qd3 Rdg8 15. Nd2 Rg7 16. Rf2 Rhg8 17. Raf1 Ng6 18.
Qf5 Nh4 19. Qxd7+ Kxd7 20. Rf7+ Ne7 21. Rxg7 Rxg7 22. Rf2 Nef5 23. Nf3 Nxf3+ 24. Rxf3 Nh4 25. Rf2 b6 26. Nf4 Rg5 27. Kh2 Kd6 28. g3 Nf5 29.
h4 Rg4 30. Nxh5 Nxd4 31. Nf6 Rg6 32. cxd4 c5 33. h5 Rh6 34. g4 cxd4 35. g5 1-0

[Event "*** Titled Tuesday Blitz"]
[Site "Chess.com"]
[Date "2021.04.06"]
[Round "3"]
[White "Fighter008"]
[Black "shaheus"]
[Result "1-0"]
[WhiteElo "2592"]
[BlackElo "2400"]
[TimeControl "180+1"]
[EndTime "10:27:26 PDT"]
[Termination "Fighter008 won on time"]

1. e4 c5 2. Nf3 Nc6 3. Bb5 g6 4. O-O Bg7 5. c3 Nf6 6. d4 cxd4 7. cxd4 Nxe4 8. d5 Nb8 9. Re1 Nd6 10. Na3 O-O 11.
Bg5 Re8 12. Rc1 a6 13. Bf1 Bxb2 14. Nc4 Nxc4 15. Rxc4 d6 16. Qc2 Bg7 17. Bxe7 Qd7 18. Rc7 Qf5 19. Bd3 Qxd5 20. Rxc8 Nc6 21. Rxa8 Rxa8 22.
Bc4 Qf5 23. Qxf5 gxf5 24. Bxd6 Rd8 25. Bf4 Bc3 26. Rb1 b5 27. Bb3 Nb4 28. Be5 Bxe5 29. Nxe5 Rd2 30. h4 Kg7 31. a3 Nd3 32. Nxd3 Rxd3 33. f3 a5 34. Bc2 1-0

[Event "*** Titled Tuesday Blitz"]
[Site "Chess.com"]
[Date "2021.04.06"]
[Round "3"]
[White "willc-h99"]
[Black "NishaOnYoutube"]
[Result "0-1"]
[WhiteElo "2497"]
[BlackElo "2272"]
[TimeControl "180+1"]
[EndTime "10:27:27 PDT"]
[Termination "NishaOnYoutube won on time"]

1. c4 e5 2. g3 Nf6 3. Bg2 d5 4. cxd5 Nxd5 5. Nc3 Nb6 6. d3 Be7 7. Be3 O-O 8. Rc1 f5 9. Nf3 Nc6 10. O-O f4 11. Bd2 fxg3 12. hxg3 Bg4 13. Ne4 Nd4 14.
Nxd4 exd4 15. Qb3+ Kh8 16. Rfe1 c6 17. Nc5 Bxc5 18. Rxc5 Qe7 19. Rg5 Be6 20. Qb4 Qf6 21. Rf1 Rae8 22. Bf3 Bd5 23. Bxd5 Nxd5 24. Qb6 axb6 0-1

[Event "*** Titled Tuesday Blitz"]
[Site "Chess.com"]
[Date "2021.04.06"]
[Round "3"]
[White "Leonid_Starozhilov"]
[Black "GameOverBro"]
[Result "1-0"]
[WhiteElo "2728"]
[BlackElo "2517"]
[TimeControl "180+1"]
[EndTime "10:27:30 PDT"]
[Termination "Leonid_Starozhilov won by resignation"]

1. e4 d6 2. d4 Nf6 3. Bd3 e5 4. Ne2 Nc6 5. d5 Ne7 6. c4 g6 7. Nbc3 Bg7 8. Ng3 O-O 9. h4 h5 10. Qc2 c6 11. Bg5 cxd5 12. Nxd5 Nfxd5 13. cxd5 f6 14. Be3 Bd7 15. Qb3 f5 16. Bg5 Bf6 17. exf5 Nxf5 18. Bxf5 Bxf5 19. Nxf5 gxf5 20. Qf3 Bxg5 21.
hxg5 Qxg5 22. Rxh5 Qg7 23. O-O-O Rac8+ 24. Kb1 Rc4 25. Rdh1 Rg4 26. a3 e4 27. Qe3 Rxg2 28. Rh8+ Qxh8 29.
Rxh8+ Kxh8 30. Qh3+ 1-0

[Event "*** Titled Tuesday Blitz"]
[Site "Chess.com"]
[Date "2021.04.06"]
[Round "3"]
[White "Nozdrachev_Leonid"]
[Black "fighter2jz"]
[Result "1-0"]
[WhiteElo "2570"]
[BlackElo "2758"]
[TimeControl "180+1"]
[EndTime "10:27:31 PDT"]
[Termination "Nozdrachev_Leonid won by resignation"]

1. e4 c5 2. c3 Nf6 3. e5 Nd5 4. d4 cxd4 5. Nf3 Nc6 6. Bc4 Nb6 7.
Bb3 d5 8. exd6 exd6 9. O-O dxc3 10. Nxc3 Be7 11. h3 O-O 12. Re1 Bf5 13. Bf4 Qd7 14. Nd4 Nxd4 15. Qxd4 Rad8 16. Rad1 Bg6 17.
a4 h6 18. a5 Bf6 19. Qxd6 Qf5 20. Qb4 Bxc3 21. bxc3 Nd5 22. Bxd5 Rxd5 23. Be3 a6 24. Qxb7 Rxa5 25. Qb4 Rb5 26. Qxf8+ Kxf8 27. Rd8+ 1-0

[Event "*** Titled Tuesday Blitz"]
[Site "Chess.com"]
[Date "2021.04.06"]
[Round "3"]
[White "RestartingChess"]
[Black "Guzman70"]
[Result "0-1"]
[WhiteElo "2525"]
[BlackElo "2344"]
[TimeControl "180+1"]
[EndTime "10:27:31 PDT"]
[Termination "Guzman70 won by checkmate"]

1. e4 c5 2. Nf3 Nc6 3. b4 Nxb4 4. c3 Nc6 5. d4 cxd4 6. cxd4 d6 7. d5 Ne5 8. Nxe5 dxe5 9. Bb2 e6 10. Bb5+ Bd7 11.
dxe6 Bxb5 12. exf7+ Kxf7 13. Qh5+ g6 14. Qxe5 Bb4+ 15.
Nc3 Qd3 16. Qd5+ Qxd5 17. exd5 Rc8 18. Kd2 Nf6 19. Rac1 Ne4+ 20. Kc2 Bxc3 21. Kb3 Bxb2 22. Kxb2 Rxc1 23. Rxc1 Rd8 24. Rc7+ Rd7 25. Rc8 Nxf2 26. Kc3 Ne4+ 27. Kd4 Nd6 28. Rh8 Kg7 29. Ra8 a6 30. Ke5 Nc4+ 31. Ke4 Nb6 32. Rb8 Nxd5 33. a3 Bc6 34.
Ke5 Nf6 35. h3 Rd3 36. g4 Re3+ 37. Kf4 Re4+ 38. Kg3 Ra4 39. g5 Ne4+ 40. Kf4 Nd6+ 41. Ke5 Nf5 42. Rc8 Re4# 0-1

[Event "*** Titled Tuesday Blitz"]
[Site "Chess.com"]
[Date "2021.04.06"]
[Round "3"]
[White "Ural_bogatyr"]
[Black "AlphaHero0"]
[Result "0-1"]
[WhiteElo "2461"]
[BlackElo "2095"]
[TimeControl "180+1"]
[EndTime "10:27:31 PDT"]
[Termination "AlphaHero0 won by checkmate"]

1. e4 Nc6 2. Nf3 d6 3. d4 Nf6 4. Nc3 g6 5. Bc4 Bg7 6. h3 O-O 7. Be3 Nxe4 8. Nxe4 d5 9. Bd3 dxe4 10. Bxe4 Qd6 11.
O-O Rd8 12. c3 e5 13. d5 Ne7 14. c4 b6 15. b4 f5 16. c5 Qf6 17. Bg5 Qf7 18.
Bxe7 fxe4 19. Bxd8 exf3 20. d6 Bb7 21. dxc7 fxg2 22. Re1 Bf3 23. Qd6 Qf5 24. Qe7 Qxh3 25. Qh4 Qh1+ 26. Qxh1 gxh1=Q# 0-1

[Event "*** Titled Tuesday Blitz"]
[Site "Chess.com"]
[Date "2021.04.06"]
[Round "3"]
[White "GMJustin"]
[Black "gagtemp"]
[Result "1-0"]
[WhiteElo "2294"]
[BlackElo "1995"]
[TimeControl "180+1"]
[EndTime "10:27:31 PDT"]
[Termination "GMJustin won by resignation"]

1. e4 d5 2. exd5 Qxd5 3. Nf3 Bg4 4. Be2 Nc6 5. O-O O-O-O 6. h3 Bh5 7. Nc3 Qe6 8. Ng5 Bxe2 9. Nxe6 Bxd1 10. Nxd8 Kxd8 11.
Nxd1 Nf6 12. d3 Nd4 13. Ne3 e5 14. Re1 Bc5 15. c3 Nc6 16. Nc4 Re8 17. b4 Bb6 18. b5 Na5 19. Rxe5 Nxc4 20. Rxe8+ Kxe8 21. dxc4 Kd7 22. Be3 Bxe3 23. fxe3 Kd6 24. Rd1+ Kc5 25. Rd4 c6 26. a4 a6 27. bxa6 bxa6 28. a5 h5 29. Kf2 g5 30. e4 Ne8 31. e5 Ng7 32.
Rd7 Ne6 33. Rxf7 Kxc4 34. Ke3 Kxc3 35. Rf6 Nd4 36. e6 Nc2+ 37. Ke4 1-0

[Event "*** Titled Tuesday Blitz"]
[Site "Chess.com"]
[Date "2021.04.06"]
[Round "3"]
[White "mamonika"]
[Black "Magila31"]
[Result "0-1"]
[WhiteElo "2036"]
[BlackElo "2317"]
[TimeControl "180+1"]
[EndTime "10:27:33 PDT"]
[Termination "Magila31 won on time"]

1. e4 g6 2. d4 Bg7 3. Nc3 d6 4. Be3 a6 5. Bc4 Nd7 6. Nge2 e6 7. f3 b5 8. Bb3 c5 9. dxc5 dxc5 10. a4 b4 11. Nb1 Qc7 12. Nd2 Ne7 13. Nc4 O-O 14. O-O Nc6 15. Bf4 e5 16. Bg3 Nb6 17. Nxb6 Qxb6 18. Bc4 Na5 19. Bd5 Bb7 20. Bxb7 Nxb7 21. Qd5 Rfd8 22. Qc4 Na5 23. Qa2 c4+ 24. Kh1 Rd2 25. Bf2 Qc6 26. Ng3 Rad8 0-1

[Event "*** Titled Tuesday Blitz"]
[Site "Chess.com"]
[Date "2021.04.06"]
[Round "3"]
[White "gisela_roque"]
[Black "KIEV-1"]
[Result "0-1"]
[WhiteElo "1754"]
[BlackElo "2274"]
[TimeControl "180+1"]
[EndTime "10:27:33 PDT"]
[Termination "KIEV-1 won by resignation"]

1. c4 c5 2. Nc3 Nc6 3. Nf3 d6 4.
g3 e5 5. Bg2 Be7 6. O-O Be6 7. d3 Qd7 8. Re1 Bh3 9. Bh1 h5 10. Ng5 Bxg5 11. Bxg5 f6 12. Be3 Nge7 13. Nd5 h4 14. Nxe7 Nxe7 15. a3 Nf5 16. Bd2 hxg3 17. fxg3 g5 18. e3 Qh7 19. Qf3 Bg4 20. Qf2 O-O-O 21.
b4 Ne7 22. Qg2 Rd7 23. bxc5 dxc5 24. Rab1 Nc6 25. Rb5 Qxd3 26. Rxc5 Qxd2 27. Rb1 Qxe3+ 28. Qf2 Qxf2+ 29. Kxf2 Rxh2+ 30. Kg1 Rdd2 31. Bxc6 bxc6 32. Rxc6+ Kd7 33. Rxf6 Rdg2+ 34. Kf1 Be2+ 35. Ke1 Rh1+ 0-1

[Event "*** Titled Tuesday Blitz"]
[Site "Chess.com"]
[Date "2021.04.06"]
[Round "3"]
[White "vlad_Sid"]
[Black "Kiborg95"]
[Result "0-1"]
[WhiteElo "2594"]
[BlackElo "2811"]
[TimeControl "180+1"]
[EndTime "10:27:34 PDT"]
[Termination "Kiborg95 won by resignation"]

1. c4 d6 2. g3 e5 3. Bg2 f5 4. Nc3 Be7 5. Nf3 Nf6 6. O-O O-O 7. Rb1 a5 8. a3 Qe8 9. b4 axb4 10. axb4 Bd8 11. d3 Qh5 12. b5 f4 13. Nd5 Bh3 14.
e3 fxg3 15. fxg3 Nxd5 16. cxd5 Bg4 17. e4 Nd7 18. Be3 Ra2 19. Rc1 b6 20. Rc3 Rxg2+ 21. Kxg2 Bh3+ 22. Kf2 Bxf1 23. d4 Bh3 24. Bc1 Bg4 25.
Kg2 exd4 0-1

[Event "*** Titled Tuesday Blitz"]
[Site "Chess.com"]
[Date "2021.04.06"]
[Round "3"]
[White "Grieve72"]
[Black "Dyadya81"]
[Result "0-1"]
[WhiteElo "2494"]
[BlackElo "2716"]
[TimeControl "180+1"]
[EndTime "10:27:35 PDT"]
[Termination "Dyadya81 won by resignation"]

1. e4 c6 2. d4 d5 3. e5 Bf5 4. h4 h5 5. Bd3 Bxd3 6. Qxd3 e6 7. Bg5 Qa5+ 8. Nd2 Nh6 9. Nf3 Nf5 10. O-O Nd7 11. Rfd1 Be7 12. Bxe7 Nxe7 13. c4 O-O 14. b3 Nf5 15. Nf1 Rad8 16. Ne3 dxc4 17. bxc4 Nxe5 18.
Nxe5 Rxd4 19. Qxd4 Nxd4 20. Nd7 Ne2+ 21. Kf1 Nc3 22. Rd3 Rd8 23. a3 Nd5 24. Nxd5 cxd5 25. Ne5 f6 26. Ng6 dxc4 27. Rg3 c3 28. Rc1 c2 29. Rxc2 Qb5+ 30. Ke1 Qb1+ 0-1

[Event "*** Titled Tuesday Blitz"]
[Site "Chess.com"]
[Date "2021.04.06"]
[Round "3"]
[White "TooOldTooSlow70"]
[Black "Chopper1905"]
[Result "0-1"]
[WhiteElo "2476"]
[BlackElo "2942"]
[TimeControl "180+1"]
[EndTime "10:27:35 PDT"]
[Termination "Chopper1905 won by resignation"]

1. Nf3 c5 2. c4 Nc6 3. Nc3 g6 4. e3 Nf6 5. d4 cxd4 6. exd4 d5 7. cxd5 Nxd5 8. Bb5 Bg7 9. O-O O-O 10. Bxc6 bxc6 11. Bg5 h6 12. Bh4 Rb8 13. Re1 g5 14. Bg3 Rxb2 15. Nxd5 Qxd5 16. Rxe7 Bg4 17. Rxa7 Rd8 18.
Rc1 c5 19. h3 Bh5 20. Ra5 Bxd4 21. Qe1 Bxf3 22. gxf3 Qxf3 23. Ra6 Qxg3+ 0-1

[Event "*** Titled Tuesday Blitz"]
[Site "Chess.com"]
[Date "2021.04.06"]
[Round "3"]
[White "Harry_Rakkel"]
[Black "Sueetin"]
[Result "1-0"]
[WhiteElo "2595"]
[BlackElo "2406"]
[TimeControl "180+1"]
[EndTime "10:27:35 PDT"]
[Termination "Harry_Rakkel won by resignation"]

1. d4 Nf6 2. c4 e6 3. Nc3 Bb4 4. Nf3 b6 5. Bg5 Bb7 6. e3 h6 7. Bh4 g5 8. Bg3 Ne4 9. Qc2 Bxc3+ 10. bxc3 d6 11. Bd3 f5 12. d5 Nd7 13. Nd4 Ndc5 14. O-O Qf6 15. f3 Nxg3 16. hxg3 O-O-O 17. Nxe6 Nxe6 18. Bxf5 Kb8 19. Bxe6 Qe5 20. Kf2 h5 21. f4 gxf4 22.
gxf4 Qg7 23. Rh1 h4 24. Rh3 Ba6 25. Qd3 Rdf8 26. Rah1 Qf6 27. a3 Rh6 28. Qd4 Qg6 29. f5 Rxf5+ 30. Bxf5 Qxf5+ 31. Qf4 Qc2+ 32. Kf3 Rh8 33.
Rxh4 Rg8 34. Rg4 Re8 35. Rg7 Bc8 36. Rhh7 Qd1+ 37. Kg3 Qe1+ 38. Kh2 Rxe3 39. Rxc7 Qxc3 40. Rxc8+ Kxc8 41. Qf8+ 1-0

[Event "*** Titled Tuesday Blitz"]
[Site "Chess.com"]
[Date "2021.04.06"]
[Round "3"]
[White "poneis_malditos"]
[Black "AthanasiusLefebvre"]
[Result "1-0"]
[WhiteElo "2301"]
[BlackElo "2012"]
[TimeControl "180+1"]
[EndTime "10:27:37 PDT"]
[Termination "poneis_malditos won by checkmate"]

1. e4 e6 2. d4 c5 3. d5 exd5 4. exd5 d6 5. c4 Nf6 6. Bd3 g6 7. Ne2 Bg7 8. O-O O-O 9. Bd2 Re8 10. Bc3 Na6 11. Nd2 Nc7 12. Re1 b5 13. b3 bxc4 14.
bxc4 Ng4 15. Bxg7 Qh4 16. h3 Nxf2 17. Qb3 Nxd3 18. Qxd3 Kxg7 19. Nf3 Qf6 20. Ng3 Bd7 21. Ne4 Qf4 22. Qc3+ f6 23. g3 Qxe4 24. Rxe4 Rxe4 25.
Re1 Rae8 26. Rxe4 Rxe4 27. g4 Ne8 28. Kf2 Kf7 29. Kg3 Ng7 30. Qa5 h5 31. Qxa7 Ke7 32. g5 fxg5 33. Nxg5 Rxc4 34. Qb8 Nf5+ 35. Kf2 Rc3 36.
Qg8 Rc2+ 37. Ke1 Rxa2 38. Qxg6 Nd4 39. Qf7+ Kd8 40. Ne6+ Nxe6 41. dxe6 Be8 42. Qb7 Rh2 43. e7# 1-0

[Event "*** Titled Tuesday Blitz"]
[Site "Chess.com"]
[Date "2021.04.06"]
[Round "3"]
[White "chessdiamant"]
[Black "Hasangatin_Ramil"]
[Result "0-1"]
[WhiteElo "2373"]
[BlackElo "2571"]
[TimeControl "180+1"]
[EndTime "10:27:38 PDT"]
[Termination "Hasangatin_Ramil won by resignation"]

1. Nf3 d5 2. g3 Bf5 3. Bg2 e6 4. O-O Nf6 5. d3 Be7 6. c4 c6 7. cxd5 exd5 8. Nc3 O-O 9. Qc2 h6 10. e4 Bh7 11. e5 Nfd7 12. Qb3 Nc5 13. Qd1 Nxd3 14.
Nd4 Na6 15. f4 Bc5 16. Be3 Nxb2 17. Qb3 Nc4 18. Na4 Nxe3 19. Qxe3 Bxd4 20. Qxd4 b5 21. Nc5 Nxc5 22. Qxc5 Qb6 23. Rac1 Bd3 24. Rf2 Bc4 25. Qxb6 axb6 26. f5 Rfe8 27. Re1 Rxa2 28. Rf4 b4 29. e6 fxe6 30. fxe6 b3 31. e7 b2 32. Bh3 Rxe7 33.
Rb1 Ra1 34. Bf5 Rxb1+ 35. Bxb1 Re1+ 36. Kf2 Rxb1 0-1

[Event "*** Titled Tuesday Blitz"]
[Site "Chess.com"]
[Date "2021.04.06"]
[Round "3"]
[White "queen_iryna"]
[Black "cukin84"]
[Result "1-0"]
[WhiteElo "2327"]
[BlackElo "2082"]
[TimeControl "180+1"]
[EndTime "10:27:41 PDT"]
[Termination "queen_iryna won by checkmate"]

1. e4 c6 2. d4 d5 3. e5 c5 4. dxc5 e6 5. a3 Bxc5 6. b4 Bf8 7.
Qg4 Nc6 8. Nf3 Nh6 9. Qf4 Be7 10. Bb2 a6 11. Bd3 g5 12. Qd2 Qb6 13. h4 g4 14.
Qxh6 gxf3 15. gxf3 Bd7 16. Nd2 O-O-O 17. c4 d4 18. f4 Rhg8 19. Qxh7 Rg2 20. Qe4 Rdg8 21. h5 Rg1+ 22. Ke2 Rxa1 23. Bxa1 f6 24. h6 fxe5 25.
fxe5 Qd8 26. h7 Rh8 27. Nf3 Qf8 28. Rg1 Be8 29. Nxd4 Nxd4+ 30. Qxd4 Bh5+ 31. Ke1 Qf3 32. Rg8+ Bd8 33. Qxd8# 1-0

[Event "*** Titled Tuesday Blitz"]
[Site "Chess.com"]
[Date "2021.04.06"]
[Round "3"]
[White "bratkoo"]
[Black "Valeron87"]
[Result "1-0"]
[WhiteElo "2555"]
[BlackElo "2351"]
[TimeControl "180+1"]
[EndTime "10:27:42 PDT"]
[Termination "bratkoo won on time"]

1. e4 c5 2. Nf3 Nc6 3. Nc3 Nf6 4. d4 cxd4 5. Nxd4 e5 6. Ndb5 d6 7. Nd5 Nxd5 8. exd5 Nb8 9. c4 Be7 10. Be2 a6 11. Nc3 O-O 12. O-O f5 13. f4 Nd7 14.
Kh1 Bf6 15. Be3 exf4 16. Bxf4 Ne5 17. Rc1 b6 18. b4 a5 19. a3 axb4 20. axb4 Bd7 21.
Qb3 g5 22. Be3 f4 23. Bg1 Bg4 24. Bxg4 Nxg4 25. Ne4 Be5 26. Qh3 Ne3 27. Bxe3 fxe3 28. Rxf8+ Qxf8 29. Nxg5 Ra7 30. Qxe3 Bf4 31. Qe6+ Kg7 32.
Qg4 Bxg5 33. Qxg5+ Kh8 34. h3 Rf7 35. Kh2 Rg7 36. Qe3 Re7 37. Qd4+ Kg8 38. Rc3 Rg7 39. Rg3 1-0

[Event "*** Titled Tuesday Blitz"]
[Site "Chess.com"]
[Date "2021.04.06"]
[Round "3"]
[White "LiverpooL174"]
[Black "Tactictic"]
[Result "0-1"]
[WhiteElo "2658"]
[BlackElo "2450"]
[TimeControl "180+1"]
[EndTime "10:27:43 PDT"]
[Termination "Tactictic won by resignation"]

1. e4 c5 2. Nf3 d6 3. d4 cxd4 4. Qxd4 Nf6 5. Nc3 Bd7 6. Bg5 Nc6 7. Qd2 e6 8. Bb5 Be7 9. Bxf6 Bxf6 10. Qxd6 Qa5 11. O-O Bxc3 12. Bxc6 Bxc6 13. bxc3 Rd8 14. Qb4 Qxb4 15. cxb4 Bxe4 16. Ne5 O-O 17. c4 f6 18. Ng4 Rd2 19. Rfd1 Rfd8 20. Rxd2 Rxd2 21. Ne3 Kf8 22. h4 Ke7 23. a4 f5 24. g3 g6 25. b5 Kd6 26. c5+ Kxc5 27. Rc1+ Kb4 28. Rc4+ Kb3 29. Rc7 Kxa4 30. Rxh7 Kxb5 31. Rg7 a5 32.
Rxg6 a4 33. Rxe6 a3 34. Re5+ Kb4 35. Re8 a2 36. Ra8 Rb2 37. f3 Bxf3 38. Nxf5 Rb1+ 39. Kf2 Bd5 40. Ne3 Bb3 41. h5 a1=Q 42. Rxa1 Rxa1 43. g4 Kc5 44. g5 Rh1 45. h6 Rh5 46. Ng4 Rxg5 47.
h7 Rh5 48. Nf6 Rh6 49. Ke3 Bc2 50. Nd7+ Kd6 51. Nb6 Bxh7 52. Nc4+ Kc5 53. Nd2 Re6+ 0-1